 Dungeon Crawl Stone Soup version 0.28-a0-793-g31680bbd8b (webtiles) character file.

Game seed: 13534027168029910577

4 jasper the Stinger (level 1, 0/13 HPs)
             Began as a Demonspawn Venom Mage on Nov 3, 2021.
             Slain by a quokka (4 damage)
             ... on level 1 of the Dungeon.
             The game lasted 00:00:36 (213 turns).

jasper the Stinger (Demonspawn Venom Mage)           Turns: 213, Time: 00:00:37

Health: 0/13       AC:  2    Str:  8    XL:     1   Next: 50%
Magic:  0/3        EV: 12    Int: 16    God:
Gold:   0          SH:  0    Dex: 13    Spells: 3/4 levels left

rFire   . . .      SeeInvis .   (no weapon)
rCold   . . .      Faith    .   (no shield)
rNeg    . . .      Spirit   .   a - +0 robe
rPois   .          Reflect  .   (no helmet)
rElec   .          Harm     .   (no cloak)
rCorr   .          Rampage  .   (no gloves)
Will    .....                   (no boots)
Stlth   ++........              (no amulet)
HPRegen 0.04/turn               (no ring)
MPRegen 0.08/turn               (no ring)

@: no status effects
A: no striking features
a: no special abilities


You were on level 1 of the Dungeon.
You visited 1 branch of the dungeon, and saw 1 of its levels.

Inventory:

Armour
 a - a +0 robe (worn)


   Skills:
 - Level 1.7 Dodging
 - Level 1.7 Stealth
 - Level 2.0 Spellcasting
 - Level 0.8 Transmutations
 + Level 3.3 Poison Magic


You had 3 spell levels left.
You knew the following spells:

 Your Spells              Type           Power      Damage    Failure   Level
a - Sting                 Tmut/Pois      32%        1d4       9%          1

Your spell library contained the following spells:

 Spells                   Type           Power      Damage    Failure   Level
 Poisonous Vapours        Pois/Air       12%        N/A       16%         2
 Mephitic Cloud           Conj/Pois/Air  5%         N/A       36%         3
 Olgreb's Toxic Radiance  Pois           12%        N/A       47%         4


Dungeon Overview and Level Annotations

Branches:
Dungeon (1/15)

Altars:


Message History

The hobgoblin is poisoned.
You now have 2/3 mp.
You kill the hobgoblin!
You start resting.
A hobgoblin is nearby!
Aiming: Sting (safe; 9% risk of failure)
Press: ? - help, Q - select action Shift-Dir - straight line, f - hobgoblin
Aim: a hobgoblin (68% to hit)
The sting hits the hobgoblin.
The hobgoblin is poisoned.
The hobgoblin is moderately wounded.
You now have 1/3 mp.
Aiming: Sting (safe; 9% risk of failure)
Press: ? - help, Q - select action Shift-Dir - straight line, f/p - hobgoblin
Aim: a hobgoblin (heavily wounded, poisoned, 68% to hit)
The sting hits the hobgoblin.
The hobgoblin looks even sicker.
The hobgoblin is severely wounded.
You kill the hobgoblin!
You now have 0/3 mp.
You start resting.
A quokka comes into view.
You start resting.
A quokka is nearby!
Aiming: Sting (safe; 9% risk of failure)
Press: ? - help, Q - select action Shift-Dir - straight line, f - quokka
Aim: a quokka (wandering, hasn't noticed you, 56% to hit)
The sting misses the quokka.
You now have 0/3 mp.
The quokka bites you.
You take 5 damage, and have 8/13 hp.
MASSIVE DAMAGE!!
You see here a rat corpse.
The quokka bites you.
You take 4 damage, and have 4/13 hp.
MASSIVE DAMAGE!!
A quokka is nearby!
Aiming: Sting (safe; 9% risk of failure)
Press: ? - help, Q - select action Shift-Dir - straight line, f/p - quokka
Aim: a quokka (56% to hit)
The sting hits the quokka but does no damage.
The quokka is poisoned.
The quokka bites you.
You die...

*****
**,*,***..#...#..#*,,,*
**,,***,#.#..#r..#..#,,
*,***,,*#.##......#*,,,
*,*,,,*,##.#†.##.....,,
**,######.#...#,,*..#*,
*##†#...#..#...#,,,.,,
###.#.###.#.....#,*,,,,
#..##.#.#...##...#**,,,
##..##@##.##....#..,,*,
#<.#.r#.##.,.#......,,,
#########*#*########***


You could see a quokka (poisoned).

Vanquished Creatures
  2 hobgoblins (D:1)
  A bat (D:1)
  A rat (D:1)
4 creatures vanquished.

Notes
Turn   | Place    | Note
-------+----------+-------------------------------------------
     0 | D:1      | jasper the Demonspawn Venom Mage began the quest for the
                  | Orb.
     0 | D:1      | Reached XP level 1. HP: 13/13 MP: 3/3
   213 | D:1      | Slain by a quokka

Illustrated notes

Levels and vault maps discovered:
D:1:      erik_arrival_cave_to_civilisation [erik_arrival_cave_to_hall],
          layout_basic, dreamdust_ecumenical_altar_drowned_temple

Action                   || total
-------------------------++-------
 Cast: Sting             ||    10
  Use: Scroll            ||     1
Dodge: Dodged            ||     4

Table legend: (Time is in decaauts)
 A = Elapsed time spent in this place.
 B = Non-inter-level travel time spent in this place.
 C = Inter-level travel time spent in this place.
 D = Time resting spent in this place.
 E = Time spent auto-exploring this place.
 F = Levels seen in this place.
 G = Mean time per level.
                   A        B        C        D        E       F      G
               +--------+--------+--------+--------+--------+-----+--------+
         Total |    213 |    213 |      0 |     11 |    149 |   1 |  213.0 |
       Dungeon |    213 |    213 |      0 |     11 |    149 |   1 |  213.0 |
               +--------+--------+--------+--------+--------+-----+--------+

Top non-repeatable levels by time:
     D:1: 213 daAuts
